 Dungeon Crawl Stone Soup version 0.23.2-33-g5129a83184 (webtiles) character file.

Game seed: 5183398497003286652

241 Asagix the Skirmisher (level 5, -1/63 HPs)
             Began as a Demonspawn Berserker on June 29, 2019.
             Was a Believer of Trog.
             Slain by Grinder (3 damage)
             ... on level 4 of the Dungeon.
             The game lasted 00:07:24 (2973 turns).

Asagix the Skirmisher (Demonspawn Berserker)        Turns: 2973, Time: 00:07:25

Health: -1/63      AC: 10    Str: 23    XL:     5   Next: 80%
Magic:  5/5        EV: 12    Int:  8    God:    Trog [**....]
Gold:   160        SH:  0    Dex: 13    Spells: 4/4 levels left

rFire    . . .     SeeInvis .   x - +0 long sword
rCold    . . .     Gourm    .   (no shield)
rNeg     . . .     Faith    .   f - +0 ring mail
rPois    .         Spirit   .   (helmet restricted)
rElec    .         Reflect  .   h - +1 cloak
rCorr    .         Harm     .   (no gloves)
MR       .....                  l - +0 pair of boots
Stlth    ..........             (no amulet)
HPRegen  0.20/turn              (no ring)
MPRegen  0.09/turn              (no ring)

@: berserking, very quick
A: horns 1, iridescent scales 1, rot immunity
a: Berserk, Trog's Hand, Renounce Religion


You were on level 4 of the Dungeon.
You worshipped Trog.
Trog was pleased with you.
You were not hungry.

You visited 1 branch of the dungeon, and saw 4 of its levels.

You collected 160 gold pieces.

Inventory:

Hand Weapons
 a - a +0 mace
 q - a +0 war axe
 v - a +0 mace of protection
 x - a +0 long sword (weapon)
Armour
 b - a +0 animal skin
 f - a +0 ring mail (worn)
 h - a +1 cloak (worn)
 l - a +0 pair of boots (worn)
Jewellery
 t - an uncursed amulet of magic regeneration {unknown}
Scrolls
 j - a scroll of blinking {unknown}
 m - a scroll of magic mapping {unknown}
 n - 2 scrolls of remove curse
 o - 2 scrolls of enchant armour {unknown}
 r - 4 scrolls of teleportation
 s - 2 scrolls of amnesia {unknown}
 u - a scroll of fear {unknown}
 w - a scroll of identify {unknown}
Potions
 d - a potion of curing {unknown}
 e - 2 potions of heal wounds {unknown}
 g - 2 potions of flight {unknown}
 i - 2 potions of ambrosia {unknown}
 k - 2 potions of mutation {unknown}
 p - a potion of magic {unknown}
Comestibles
 c - a ration


   Skills:
 + Level 4.1 Fighting
 + Level 4.0 Maces & Flails
 + Level 2.9 Armour
 + Level 2.9 Dodging
 + Level 0.7 Stealth


You had 4 spell levels left.
You didn't know any spells.
Your spell library was empty.

Dungeon Overview and Level Annotations

Branches:
Dungeon (4/15)
 Temple: D:4-7

Altars:
Dithmenos
Makhleb

Annotations:
D:4 Grinder


Innate Abilities, Weirdness & Mutations

You have a pair of small horns on your head.
You are partially covered in iridescent scales. (AC +2)
You are immune to rotting.


Message History

The hornet zombie hits you but does no damage.
Grinder gestures at you. You resist with significant effort.
A red film seems to cover your vision as you go berserk!
You feel yourself moving faster!
You feel mighty!
You feel a lot more hungry.
The hornet zombie hits you but does no damage.
Grinder gestures at you. Pain shoots through your body!
* * * LOW HITPOINT WARNING * * *
You closely miss Grinder.
The hornet zombie hits you but does no damage.
You slash Grinder! Your headbutt misses Grinder.
Grinder is moderately wounded.
The hornet zombie barely misses you. Grinder hits you.
* * * LOW HITPOINT WARNING * * *
The hornet zombie barely misses you.
You slice Grinder!!
Grinder is severely wounded.
Grinder hits you.
You die...

#.#..........
..##.........?..
#<##......##.#..
#..............#
####...............
#..................
#.#.##.............
#.#.##.............
#.<.##.....@Z......
#..##.......5......
.......#............
...########..........#
...## ##########.# ##
#


You could see Grinder and a hornet zombie.

Vanquished Creatures
  2 orc wizards (D:3)
  Natasha (thrice) (D:3)
  4 adders
  An ooze (D:1)
  An adder zombie (D:4)
  A dart slug (D:1)
  A leopard gecko (D:1)
  6 orcs (D:3)
  3 giant cockroaches (D:3)
  6 goblins
  3 hobgoblins (D:1)
  4 jackals (D:1)
  A quokka (D:3)
  3 ball pythons
  8 bats
  3 frilled lizards
  8 kobolds
  6 rats
64 creatures vanquished.

Notes
Turn   | Place    | Note
-------+----------+-------------------------------------------
     0 | D:1      | Asagix the Demonspawn Berserker began the quest for the
                  | Orb.
     0 | D:1      | Reached XP level 1. HP: 18/18 MP: 1/1
    94 | D:1      | Gained mutation: You are immune to rotting. [demonic
                  | ancestry]
    94 | D:1      | Reached XP level 2. HP: 15/24 MP: 2/2
   736 | D:1      | Gained mutation: You are partially covered in iridescent
                  | scales. (AC +2) [demonic ancestry]
   736 | D:1      | Reached XP level 3. HP: 20/29 MP: 3/3
  1303 | D:2      | Found a burning altar of Makhleb.
  1401 | D:2      | Reached ** piety under Trog
  2066 | D:3      | Gained mutation: You have a pair of small horns on your
                  | head. [demonic ancestry]
  2066 | D:3      | Reached XP level 4. HP: 14/37 MP: 4/4
  2230 | D:3      | Found a shadowy altar of Dithmenos.
  2231 | D:3      | Noticed Natasha
  2241 | D:3      | Killed Natasha
  2252 | D:3      | Noticed Natasha
  2258 | D:3      | Reached XP level 5. HP: 21/42 MP: 5/5
  2268 | D:3      | Killed Natasha
  2542 | D:3      | Noticed Natasha
  2557 | D:3      | Killed Natasha
  2963 | D:4      | Noticed Grinder
  2972 | D:4      | HP: 2/63 [Grinder (6)]
  2973 | D:4      | Slain by Grinder

Skill      XL: |  1  2  3  4  5 |
---------------+----------------+-----
Maces & Flails | 3 4 |  4.0
Armour         | 2 |  2.9
Dodging        | 2 |  2.9
Fighting       | 4 |  4.1
Stealth        | |  0.7

Action                   |  1- 3 |  4- 6 || total
-------------------------+-------+-------++-------
Melee: Mace              |   116 |    80 ||   196
       Short sword       |    41 |       ||    41
       Headbutt          |       |    17 ||    17
       Long sword        |       |    17 ||    17
Invok: Berserk           |       |     2 ||     2
  Use: Scroll            |     2 |       ||     2
  Eat: Ration            |     1 |     2 ||     3
Armor: Animal skin       |    11 |       ||    11
       Ring mail         |    73 |    58 ||   131
Dodge: Dodged            |   171 |    78 ||   249
       Rpst.: Long sword |       |     4 ||     4
